 Dungeon Crawl Stone Soup version 0.27-a0-828-g8289197e94 (webtiles) character file.

Game seed: 4855771772134434141

7310 sizableburger the Digger (level 10, -7/81 HPs)
             Began as a Demigod Earth Elementalist on Mar 31, 2021.
             Killed from afar by an efreet (14 damage)
             ... with a fireball
             ... on level 9 of the Dungeon.
             The game lasted 00:30:23 (13516 turns).

sizableburger the Digger (DgEE)                    Turns: 13516, Time: 00:30:24

Health: -7/81      AC:  7    Str:  9    XL:     10   Next: 59%
Magic:  2/22       EV: 13    Int: 29    God:
Gold:   418        SH:  5    Dex: 14    Spells: 1/21 levels left

rFire    + . .     SeeInvis .   m - +3 mace (venom)
rCold    + . .     Faith    .   (no shield)
rNeg     + . .     Spirit   .   l - +2 robe {Will+}
rPois    +         Reflect  +   (no helmet)
rElec    +         Harm     .   g - +2 cloak {rPois}
rCorr    +         Rampage  .   (no gloves)
Will     +++..                  (no boots)
Stlth    ++........             j - amulet of reflection
HPRegen  0.23/turn              a - ring of positive energy
MPRegen  0.18/turn              o - ring of willpower

@: resistant, very slightly contaminated, invisible (expiring)
A: high mp 1, forlorn
a: no special abilities


You were on level 9 of the Dungeon.
You visited 1 branch of the dungeon, and saw 9 of its levels.
You also visited: Ossuary.

You collected 418 gold pieces.

Inventory:

Hand Weapons
 m - a +3 mace of venom (weapon)
Missiles
 b - 95 stones
Armour
 c - +0 acid dragon scales
 g - a +2 cloak of poison resistance (worn)
 l - a +2 robe of willpower (worn)
Jewellery
 a - a ring of positive energy (left hand)
 f - a ring of ice
 j - an amulet of reflection (around neck)
 o - a ring of willpower (right hand)
 v - an amulet of the acrobat
Scrolls
 h - 3 scrolls of immolation
 i - a scroll of amnesia
 k - 4 scrolls of vulnerability
 t - 7 scrolls of noise
Potions
 d - a potion of attraction
 e - a potion of resistance
 p - 2 potions of might
 u - a potion of flight
 x - 9 potions of degeneration


   Skills:
 - Level 5.2 Fighting
 - Level 0.1 Short Blades
 + Level 7.1 Maces & Flails
 - Level 2.9 Dodging
 - Level 1.7 Stealth
 - Level 6.0 Spellcasting
 - Level 2.5 Conjurations
 + Level 2.2 Necromancy
 - Level 6.8 Transmutations
 + Level 7.7 Earth Magic


You had one spell level left.
You knew the following spells:

 Your Spells              Type           Power      Damage    Failure   Level
a - Sandblast             Erth           100%       2d20      1%          1
b - Passwall              Tmut/Erth      41%        N/A       1%          2
c - Stone Arrow           Conj/Erth      76%        3d11      1%          3
d - Petrify               Tmut/Erth      50%        N/A       2%          4
e - Lee's Rapid Deconstr  Erth           26%        3d15*     7%          5
f - Borgnjor's Vile Clut  Necr/Erth      18%        N/A       21%         5

Your spell library contained the following spells:

 Spells                   Type           Power      Damage    Failure   Level
 Beastly Appendage        Tmut           96%        N/A       1%          1
 Wereblood                Tmut           48%        N/A       1%          2
 Spider Form              Tmut/Pois      14%        N/A       4%          3
 Ensorcelled Hibernation  Hex/Ice        16%        N/A       9%          2
 Hydra Form               Tmut           24%        N/A       10%         5
 Animate Armour           Summ/Erth      62%        N/A       12%         4
 Ice Form                 Ice/Tmut       28%        N/A       14%         4
 Silence                  Hex/Air        4%         N/A       83%         5
 Shadow Creatures         Summ           N/A        N/A       100%        6


Dungeon Overview and Level Annotations

Branches:
Dungeon (9/15)             Temple (0/1) D:7         Ossuary (visited)
   Lair: D:8-11         Orc: D:9-12

Shops:
D:3 !   D:9 =!


Innate Abilities, Weirdness & Mutations

Your attributes grow dramatically as you level up.
You have an increased reservoir of magic. (+10% MP)
You shall have no god before yourself.


Message History

The helpless efreet fails to defend itself.
You hit the efreet.
The efreet is heavily wounded.
The helpless efreet fails to defend itself.
You hit the efreet but do no damage.
The efreet is poisoned.
The efreet is heavily wounded.
The efreet is no longer petrified.
The efreet hits you with a +1 scimitar of flaming!
* * * LOW HITPOINT WARNING * * *
The efreet burns you.
* * * LOW HITPOINT WARNING * * *
You flicker for a moment.
The efreet gestures at something.
You see here a +0 plate armour.
Okay, then.
As you read the scroll of summoning, it crumbles to dust.
Wisps of shadow whirl around you...
The efreet hits your bullfrog with a +1 scimitar of flaming!!
The efreet burns your bullfrog.
Your bullfrog dies!
Your bullfrog's corpse dissolves into shadows!
What are your orders? t - Shout!
Orders for allies: a - Attack new target. p - Attack previous target. r - Retreat! s - Stop attacking. g - Guard the area. f - Follow me.
Anything else - Cancel.
Gang up on whom?
Press: ? - help, Dir - move target, f/p - efreet
Aim: an efreet, wielding a +1 scimitar of flaming (heavily wounded, very poisoned, ally target) Attack!
Your acid dragon bites the efreet.
Your acid dragon barely misses the efreet.
Unknown command.
Your acid dragon bites the efreet but does no damage.
Your acid dragon closely misses the efreet.
The efreet gestures at you.
The fireball explodes!
The fireball engulfs your acid dragon!
The fireball engulfs the efreet.
The efreet completely resists.
The fireball engulfs you! You resist.
You die...

# .. .#o .# # .#. .##
... # ...# # .$ ...
##. ..#..## .###O
#..# #.....# ...###
T#.# # ....
#.....#####..### .##
###..##
..#..#.R.#....###..#
# ....
....#.#D#.......#
###.[##
#...#T#@#....####
##....#
#...#.###..###
##8..8####...#...)###
##..)###.....#..###
......##.###..###
####.....# #.........
# ##.##.# #.#.##.###
# #.##.......# #
#.####.#.###


You could see an efreet (wandering, poisoned, ally target) and a friendly acid
dragon (summoned).

Vanquished Creatures
  2 two-headed ogres
  A centaur warrior (D:8)
  A flayed ghost (D:8)
  A troll (D:9)
  A hornet (D:9)
  Sigmund (D:4)
  A wyvern (D:8)
  A human (D:8)
  4 hogs (D:8)
  Eustachio (D:4)
  A steam dragon (D:7)
  An acid dragon (D:8)
  A water moccasin (D:6)
  Duvessa (D:5)
  2 ice beasts
  2 black bears
  An orc warrior (D:7)
  2 sky beasts (D:6)
  An ogre (D:4)
  3 necrophages
  2 centaurs
  A phantom (D:5)
  3 kobold brigands
  4 bullfrogs
  Dowan (D:5)
  A scorpion (D:6)
  2 water moccasin skeletons
  4 wights (D:9)
  3 killer bees (D:5)
  3 howler monkeys (D:9)
  2 centaur zombies
  A bullfrog skeleton (D:7)
  A centaur skeleton (D:7)
  2 jellies
  Terence (D:3)
  An iguana (D:6)
  A killer bee zombie (D:7)
  5 mummies (Ossuary)
  A howler monkey zombie (D:8)
  3 gnolls (D:5)
  13 adders
  A river rat (D:3)
  A white imp (D:6)
  An ufetubus (D:4)
  An adder zombie (D:5)
  4 worms
  2 dart slugs (D:2)
  5 orcs
  5 ball pythons
  5 endoplasms
  A giant cockroach (D:4)
  2 gnoll zombies (Ossuary)
  6 goblins
  6 hobgoblins
  5 jackals
  3 quokkas
  5 bats
  2 frilled lizards
  A goblin zombie (Ossuary)
  2 hobgoblin zombies (Ossuary)
  19 kobolds
  3 kobold zombies (Ossuary)
  10 rats
174 creatures vanquished.

Notes
Turn   | Place    | Note
-------+----------+-------------------------------------------
     0 | D:1      | sizableburger the Demigod Earth Elementalist began the
                  | quest for the Orb.
     0 | D:1      | Reached XP level 1. HP: 14/14 MP: 5/5
   342 | D:1      | Reached XP level 2. HP: 20/20 MP: 4/7
   441 | D:1      | Learned a level 2 spell: Passwall
   893 | D:2      | Reached skill level 1 in Transmutations
  1175 | D:2      | Reached XP level 3. HP: 14/26 MP: 7/9
  1430 | D:2      | Learned a level 3 spell: Stone Arrow
  2488 | D:3      | Noticed Terence
  2491 | D:3      | Killed Terence
  2492 | D:3      | Reached skill level 1 in Conjurations
  2492 | D:3      | Reached XP level 4. HP: 33/33 MP: 3/10
  2549 | D:3      | Found Roasec's Distillery.
  3617 | D:3      | Noticed a kobold brigand
  3635 | D:3      | Killed a kobold brigand
  3636 | D:3      | Reached skill level 1 in Fighting
  3636 | D:3      | Reached XP level 5. HP: 26/40 MP: 5/12
  4695 | D:4      | Noticed a black bear
  4702 | D:4      | Killed a black bear
  4703 | D:4      | Reached skill level 1 in Maces & Flails
  4703 | D:4      | Reached XP level 6. HP: 48/48 MP: 0/14
  4916 | D:4      | Learned a level 4 spell: Petrify
  4996 | D:4      | Noticed Eustachio
  5142 | D:4      | Killed Eustachio
  5354 | D:4      | Noticed Sigmund
  5358 | D:4      | Killed Sigmund
  5359 | D:4      | Reached XP level 7. HP: 56/56 MP: 1/16
  5953 | D:5      | Entered Level 5 of the Dungeon
  6135 | D:5      | Noticed Duvessa
  6202 | D:5      | Killed Duvessa
  6213 | D:5      | Noticed Dowan
  6269 | D:5      | Killed Dowan
  6561 | D:5      | Reached XP level 8. HP: 66/66 MP: 10/17
  8192 | D:6      | Reached skill level 5 in Earth Magic
  9117 | D:6      | Reached skill level 5 in Fighting
  9119 | D:6      | Reached XP level 9. HP: 74/74 MP: 12/18
  9225 | D:6      | Learned a level 5 spell: Lee's Rapid Deconstruction
  9419 | D:7      | Reached skill level 5 in Transmutations
  9791 | D:7      | Reached skill level 5 in Maces & Flails
  9881 | D:7      | Found a staircase to the Ecumenical Temple.
 10132 | D:8      | Found a sand-covered staircase.
 10294 | Ossuary  | Entered an ossuary
 10594 | Ossuary  | Identified a scroll of acquirement
 10596 | Ossuary  | Acquired a book of Dreams
 11103 | D:8      | Noticed a two-headed ogre
 11128 | D:8      | Killed a two-headed ogre
 11558 | D:8      | Noticed a centaur warrior
 11780 | D:8      | Reached skill level 5 in Spellcasting
 11799 | D:8      | Reached XP level 10. HP: 46/81 MP: 0/21
 12000 | D:8      | Noticed a flayed ghost
 12003 | D:8      | Killed a centaur warrior
 12238 | D:9      | Found Emnakluhy's Jewellery Shoppe.
 12276 | D:9      | Found Voat Egu's Distillery.
 12501 | D:8      | Killed a flayed ghost
 12850 | D:8      | Learned a level 5 spell: Borgnjor's Vile Clutch
 13171 | D:9      | Noticed a two-headed ogre
 13172 | D:9      | Noticed an orc knight
 13190 | D:9      | Killed a two-headed ogre
 13516 | D:9      | Killed from afar by an efreet

Illustrated notes

Levels and vault maps discovered:
D:1:      lemuel_arrival_muddy, layout_basic, minmay_misc_feat_iff
D:2:      layout_loops_corners, lemuel_blue_sif_altar
D:3:      layout_loops_ring, nicolae_uskayaw_dance_studio, serial_shops,
          nicolae_shop_stone, lightli_sewer_entry_pipes, uniq_terence
D:4:      layout_basic, uniq_eustachio, uniq_sigmund
D:5:      layout_layer_cave, basic_altar, uniq_duvessa
D:6:      layout_rooms
D:7:      layout_cave_pools, minmay_temple_entry_stoned_glass, tso_metal_star
D:8:      layout_basic, enter_ossuary_1, grunt_livestock, minmay_three_doors
D:9:      minmay_the_grid_triangle_9x9_rhombus_thin
          [minmay_the_grid_triangle_9x9_warning,
          minmay_the_grid_triangle_9x9_prize_center,
          minmay_the_grid_triangle_9x9_intruding_spiral,
          minmay_the_grid_triangle_9x9_subtriangle], layout_loops_ring,
          minitemple, serial_shops, kennysheep_mini, shop_statue

Skill      XL: |  1  2  3  4  5  6  7  8  9 10 |
---------------+-------------------------------+-----
Dodging        | 2 |  2.9
Spellcasting   | 2 3 4 5 6 |  6.0
Earth Magic    | 3 4 5 6 7 |  7.7
Transmutations | 1 2 3 4 6 |  6.8
Conjurations   | 1 2 |  2.5
Fighting       | 1 2 3 5 |  5.2
Maces & Flails | 1 3 4 6 7 |  7.1
Necromancy     | 2 |  2.2
Short Blades   | |  0.1
Stealth        | |  1.7

Action                   |  1- 3 |  4- 6 |  7- 9 | 10-12 || total
-------------------------+-------+-------+-------+-------++-------
Melee: Dagger            |    24 |    59 |       |       ||    83
       Mace              |       |     9 |   199 |    38 ||   246
 Cast: Sandblast         |    43 |    31 |    28 |     2 ||   104
       Stone Arrow       |     5 |    30 |    71 |    20 ||   126
       Petrify           |       |     1 |     6 |    10 ||    17
       Lee's Rapid Decon |       |       |     4 |     7 ||    11
       Passwall          |       |       |       |     1 ||     1
  Use: Potion            |       |     1 |     1 |     6 ||     8
       Scroll            |       |     6 |    14 |     1 ||    21
 Stab: Sleeping          |     4 |     1 |     2 |       ||     7
       Distracted        |       |     1 |     1 |       ||     2
       Petrified         |       |       |       |    29 ||    29
Armor: Robe              |     9 |    18 |    57 |     3 ||    87
Dodge: Dodged            |    23 |    68 |   154 |    15 ||   260
Block: Other             |       |     9 |    61 |     9 ||    79
       Reflection        |       |       |       |     3 ||     3

Table legend: (Time is in decaauts)
 A = Elapsed time spent in this place.
 B = Non-inter-level travel time spent in this place.
 C = Inter-level travel time spent in this place.
 D = Time resting spent in this place.
 E = Time spent auto-exploring this place.
 F = Levels seen in this place.
 G = Mean time per level.
                   A        B        C        D        E       F      G
               +--------+--------+--------+--------+--------+-----+--------+
         Total |  13577 |  13035 |    542 |   4918 |   6606 |  10 | 1357.7 |
       Dungeon |  13175 |  12633 |    542 |   4800 |   6430 |   9 | 1463.9 |
       Ossuary |    402 |    402 |      0 |    118 |    176 |   1 |  402.0 |
               +--------+--------+--------+--------+--------+-----+--------+

Top non-repeatable levels by time:
     D:5: 2008 daAuts
     D:8: 2003 daAuts
     D:3: 1852 daAuts
     D:4: 1783 daAuts
     D:2: 1578 daAuts
     D:6: 1271 daAuts
     D:9: 975 daAuts
     D:1: 889 daAuts
     D:7: 812 daAuts
 Ossuary: 402 daAuts
